AoeStats
← tonixalo

Arena

510038870Analyzed
1v1 RM · 3d ago on Sep 29, 2026· 29m 41s· 2 players
Game mode
Random Map
Map size
Tiny (2 player)
Population
200
Speed
Normal
Resources
Standard
Victory
Conquest
Starting age
Dark Age
Ending age
Imperial Age
RankedLock teamsTeams togetherTeam positionsShared explorationLock speedFull tech treeHidden civsTurbo modeCheats
Victory
Defeat
🇮🇳 Bohemians · India
1389
+14
🇪🇸 Persians · Spain
1355
-14
KiwiSid
7:26 Loom
9:42 Feudal Age
10:27 Double-Bit Axe
12:12 Horse Collar
15:30 Fletching
18:27 Horse Collar
19:03 Padded Archer Armor
19:55 Town Watch
27:23 Castle Age
28:11 Wheelbarrow
28:01 Bodkin Arrow
27:31 Crossbowman
29:16 Bow Saw
tonixalo
6:33 Loom
Connection lost

Rejoining the realm…

Still unreachable

The connection could not be restored.

Session expired

The server has moved on; the page needs a fresh start.